 Dungeon Crawl Stone Soup version 0.18.1-5-g4a78601 (webtiles) character file.

92 Quirk the Ducker (level 4, -3/34 HPs)
             Began as a Demonspawn Gladiator on May 13, 2016.
             Was an Initiate of Qazlal.
             Slain by an orc
             ... wielding a +0 trident
              (6 damage)
             ... on level 3 of the Dungeon.
             The game lasted 00:03:53 (1798 turns).

Quirk the Ducker (Demonspawn Gladiator)             Turns: 1798, Time: 00:03:53

Health: -3/34      AC:  6    Str: 17    XL:     4   Next: 35%
Magic:  4/4        EV: 12    Int: 14    God:    Qazlal [......]
Gold:   112        SH:  0    Dex: 13    Spells: 0 memorised, 3 levels left

rFire  + . .     SeeInvis .     a - +0 flail
rCold  x . .     Gourm    .     b - +0 leather armour
rNeg   . . .     Faith    .     (no shield)
rPois  .         Spirit   .     c - +0 helmet
rElec  .         Dismiss  .     (no cloak)
rCorr  .         Reflect  .     (no gloves)
SustAt .         Harm     .     (no boots)
MR     .....                    (no amulet)
Stlth  +.........               (no ring)
                                j - ring of fire

@: brilliant, not resistant to hostile enchantments, very unstealthy
A: hooves 1, slimy green scales 1
a: Renounce Religion


You were on level 3 of the Dungeon.
You worshipped Qazlal.
Qazlal was noncommittal.
You were not hungry.

You visited 1 branch of the dungeon, and saw 3 of its levels.

You collected 112 gold pieces.

Inventory:

Hand Weapons
 a - a +0 flail (weapon)
Missiles
 d - 3 throwing nets (quivered)
 k - 15 tomahawks
Armour
 b - a +0 leather armour (worn)
 c - a +0 helmet (worn)
Jewellery
 j - a ring of fire (left hand)
Scrolls
 e - 2 scrolls of recharging {unknown}
 g - 2 scrolls of blinking {unknown}
 h - a scroll of enchant armour {unknown}
 i - a scroll of identify {unknown}
 l - a scroll of amnesia {unknown}
 n - a scroll of noise {unknown}
 o - a scroll of fear {unknown}
Potions
 p - a potion of might {unknown}
Comestibles
 f - 2 bread rations
 m - a meat ration
 r - 2 chunks of flesh


   Skills:
 + Level 2.8 Fighting
 + Level 2.9 Maces & Flails
 + Level 2.9 Throwing
 + Level 1.1 Armour
 + Level 3.0 Dodging


You had 3 spell levels left.
You didn't know any spells.

Dungeon Overview and Level Annotations

Branches:
Dungeon (3/15)

Altars:
Fedhas
Gozag
Makhleb
Qazlal
Trog
The Shining One


Innate Abilities, Weirdness & Mutations

You have large cloven feet.
You are partially covered in slimy green scales (AC +2).


Message History

The orc closely misses you.
You sock the orc!
You kill the orc!
Qazlal accepts your kill. The orc barely misses you.
You sock the orc!
You kill the orc!
Qazlal accepts your kill. The orc barely misses you.
The giant gecko barely misses you.
You closely miss the giant gecko.
You kick the giant gecko, but do no damage.
The orc closely misses you. The giant gecko bites you.
* * * LOW HITPOINT WARNING * * *
You closely miss the giant gecko. The giant gecko closely misses you.
The orc hits you but does no damage. The giant gecko misses you.
Drink which item? (? for menu, Esc to quit)
It was a potion of brilliance.
You feel clever all of a sudden.
The orc hits you from afar with a trident.
You die...

..PPP....≈#≈...... ..
..PP....≈.≈.##.##. .# #
...............# .. .#
.......##(.ll..## .##..[
#....###(...(#..##....<.
#....#...#l####.....#.#
.......#...# ##o.....#
........### #l##...#
........# #@# ..#
........# #....# .#
.......o##...#### ".
.........#.# . .... #


You could see an orc and a giant gecko.

Vanquished Creatures
  3 adders (D:2)
  2 worms (D:2)
  2 dart slugs
  A giant gecko (D:1)
  3 orcs (D:3)
  5 giant cockroaches
  5 goblins
  4 hobgoblins
  2 jackals (D:1)
  A quokka (D:2)
  A ball python (D:1)
  7 bats
  3 giant newts
  7 kobolds
  8 rats
54 creatures vanquished.

Notes
Turn   | Place    | Note
--------------------------------------------------------------
     0 | D:1      | Quirk the Demonspawn Gladiator began the quest for the Orb.
     0 | D:1      | Reached XP level 1. HP: 16/16 MP: 1/1
   288 | D:1      | Gained mutation: You are partially covered in slimy green scales (AC +2). [demonic ancestry]
   288 | D:1      | Reached XP level 2. HP: 17/22 MP: 2/2
   607 | D:2      | Reached XP level 3. HP: 22/28 MP: 3/3
   684 | D:2      | Found an opulent altar of Gozag.
  1185 | D:2      | Reached skill level 1 in Armour
  1209 | D:2      | Found a bloodstained altar of Trog.
  1356 | D:2      | Reached skill level 3 in Dodging
  1356 | D:2      | Gained mutation: You have large cloven feet. [demonic ancestry]
  1356 | D:2      | Reached XP level 4. HP: 31/34 MP: 4/4
  1658 | D:3      | Found a burning altar of Makhleb.
  1658 | D:3      | Found a glowing golden altar of the Shining One.
  1744 | D:3      | Found a stormy altar of Qazlal.
  1745 | D:3      | Found a blossoming altar of Fedhas.
  1761 | D:3      | Became a worshipper of Qazlal Stormbringer
  1798 | D:3      | Slain by an orc

Skill      XL: |  1  2  3 |
---------------+----------+-----
Throwing       | 2 |  2.9
Armour         | 1 |  1.1
Dodging        | 3 |  3.0
Fighting       | |  2.8
Maces & Flails | |  2.9

Action                   |  1- 3 |  4- 6 || total
-------------------------+-------+-------++-------
Melee: Flail             |   150 |    21 ||   171
       Kick              |       |     4 ||     4
  Use: Potion            |       |     1 ||     1
 Stab: Sleeping          |     1 |       ||     1
  Eat: Chunk             |     2 |     1 ||     3
Armor: Leather armour    |    65 |    13 ||    78
Dodge: Dodged            |   119 |    33 ||   152
